 Dungeon Crawl Stone Soup version 0.31.0-11-ge490571c62 (webtiles) character file.

Game seed: 6235927210272693030

155 Gadfly the Insei (level 5, -1/41 HPs)
             Began as a Demonspawn Monk on Feb 2, 2024.
             Killed from afar by Ijyb (9 damage)
             ... with a bolt of light
             ... on level 3 of the Dungeon.
             The game lasted 00:02:55 (1799 turns).

Gadfly the Insei (Demonspawn Monk)                  Turns: 1799, Time: 00:02:56

Health: -1/41      AC:  6    Str: 13    XL:     5   Next: 14%
Magic:  5/5        EV: 13    Int: 10    God:
Gold:   99         SH:  0    Dex: 16    Spells: 4/4 levels left

rFire   . . .        b - +2 dagger (drain)
rCold   . . .        c - orb {light}
rNeg    . . .        a - +0 robe
rPois   .            h - +0 hat
rElec   .            (no cloak)
rCorr   .            (no gloves)
SInv    .            (no boots)
Will    .....        (no amulet)
Stlth   +            e - +4 ring of protection
HPRegen 0.26/turn    (no ring)
MPRegen 0.09/turn

%: no passive effects
@: glowing
A: claws 1, spiny 1, sturdy frame 1
a: no special abilities


You were on level 3 of the Dungeon.
You visited 1 branch of the dungeon, and saw 3 of its levels.

You collected 99 gold pieces.

Inventory:

Hand Weapons
 b - a +2 dagger of draining (weapon)
Armour
 a - a +0 robe (worn)
 c - an orb of light (worn)
 h - a +0 hat (worn)
Jewellery
 e - a +4 ring of protection (left claw)
Wands
 i - a wand of flame (15) (quivered)
Scrolls
 f - a scroll of identify
 k - a scroll of teleportation
 l - a scroll of amnesia {unknown}
Potions
 d - a potion of might
 g - a potion of mutation {unknown}
 j - a potion of berserk rage {unknown}


   Skills:
 - Level 3.0 Fighting
 + Level 3.2 Dodging
 * Level 3.6 Unarmed Combat
 * Level 2.4 Evocations
 * Level 1.8 Shapeshifting


You had 4 spell levels left.
You didn't know any spells.
Your spell library was empty.

Dungeon Overview and Level Annotations

Branches:
Dungeon (3/15)

Altars:

Annotations:
D:3 Ijyb


Innate Abilities, Weirdness & Mutations

You have sharp fingernails.
You are partially covered in sharp spines.
Your movements are slightly less encumbered by armour. (ER -2)


Message History

You hit Ijyb. You drain Ijyb.
Ijyb is heavily wounded.
Ijyb zaps a wand.
The bolt of light hits you!!
You are confused.
Ouch! That really hurt!
You are too injured to fight recklessly!
You are too injured to fight recklessly!
You are too injured to fight recklessly!
You are too injured to fight recklessly!
You are too injured to fight recklessly!
You are too injured to fight recklessly!
You are too injured to fight recklessly!
You are too injured to fight recklessly!
You are too injured to fight recklessly!
You are too injured to fight recklessly!
You are too injured to fight recklessly!
You are too injured to fight recklessly!
You are too injured to fight recklessly!
You are too injured to fight recklessly!
You are too injured to fight recklessly!
You are too injured to fight recklessly!
Unknown command.
You hit Ijyb but do no damage. You drain Ijyb.
Ijyb is severely wounded.
Ijyb hits you but does no damage.
You feel less confused.
You barely miss Ijyb.
Ijyb is severely wounded.
Ijyb zaps a wand.
The bolt of light hits you!
* * * LOW HITPOINT WARNING * * *
You hit Ijyb.
Ijyb is severely wounded.
Ijyb closely misses you.
You hit Ijyb but do no damage. You drain Ijyb.
Ijyb is almost dead.
Ijyb hits you but does no damage.
You hit Ijyb but do no damage. You drain Ijyb.
Ijyb is almost dead.
Ijyb zaps a wand.
The bolt of light hits you!
You die...

..............##......###.
..##.#.####.#.##..........
...#.#.# #.#.##.....####.
#....#.####.# ##........
#...........# #..........
#...........# #.......##.
+#..##...<..#.##.#..#..#
#.. #......#...........
#.. #.....#####@########
#.. #..........g..# ##.
############..# ......
#........ ..........
#.#....#..# #.#........
#.#....#..#


You could see Ijyb (very drained).

Vanquished Creatures
  An orc priest (D:3)
  3 gnolls
  5 adders
  2 ribbon worms (D:2)
  2 orcs (D:3)
  3 endoplasms (D:1)
  2 giant cockroaches
  7 goblins
  2 hobgoblins (D:1)
  8 kobolds
  A quokka (D:1)
  3 ball pythons
  4 bats (D:2)
  A frilled lizard (D:1)
  9 rats
53 creatures vanquished.

Notes
Turn   | Place    | Note
-------+----------+-------------------------------------------
     0 | D:1      | Gadfly the Demonspawn Monk began the quest for the Orb.
     0 | D:1      | Reached XP level 1. HP: 18/18 MP: 1/1
   109 | D:1      | Gained mutation: You have sharp fingernails. [demonic
                  | ancestry]
   109 | D:1      | Reached XP level 2. HP: 13/24 MP: 2/2
   343 | D:1      | Reached skill level 1 in Evocations
   398 | D:1      | Gained mutation: Your movements are slightly less
                  | encumbered by armour. (ER -2) [demonic ancestry]
   398 | D:1      | Reached XP level 3. HP: 18/28 MP: 3/3
   758 | D:2      | Reached skill level 1 in Shapeshifting
   958 | D:1      | Reached XP level 4. HP: 23/35 MP: 4/4
  1674 | D:3      | Gained mutation: You are partially covered in sharp spines.
                  | [demonic ancestry]
  1674 | D:3      | Reached XP level 5. HP: 19/41 MP: 5/5
  1789 | D:3      | Noticed Ijyb
  1799 | D:3      | Killed from afar by Ijyb

Illustrated notes

Levels and vault maps discovered:
D:1:      dpeg_arrival_boxorama, layout_rooms
D:2:      layout_loops_ring, minmay_tetromino_l4
D:3:      layout_basic, makhleb_altar_promises_db, uniq_crazy_yiuf_cottage,
          uniq_robin, uniq_ijyb

Skill      XL: |  1  2  3  4 |
---------------+-------------+-----
Unarmed Combat | 3 |  3.6
Evocations     | 1 2 |  2.4
Dodging        | 3 |  3.2
Shapeshifting  | 1 |  1.8
Fighting       | |  3.0

Action                     |  1- 3 |  4- 6 || total
---------------------------+-------+-------++-------
  Melee: Unarmed           |    61 |    17 ||    78
         Dagger            |    28 |    55 ||    83
  Evoke: Wand              |       |     1 ||     1
    Use: Scroll            |     3 |     2 ||     5
         Potion            |       |     1 ||     1
 Armour: Robe              |    62 |    54 ||   116
  Dodge: Dodged            |    92 |    52 ||   144
